 Dungeon Crawl Stone Soup version 0.32-a0-30-gefbe487952 (webtiles) character file.

Game seed: 16536491677163712870

317 Malachi the Digger (level 6, 0/45 HPs)
             Began as a Demigod Earth Elementalist on Jan 19, 2024.
             Incinerated by a bombardier beetle (6 damage)
             ... with a burning spray
             ... on level 4 of the Dungeon.
             The game lasted 00:06:30 (4231 turns).

Malachi the Digger (Demigod Earth Elementalist)     Turns: 4231, Time: 00:06:31

Health: 0/45       AC:  4    Str:  9    XL:     6   Next: 0%
Magic:  5/14       EV: 12    Int: 25    God:
Gold:   66         SH:  0    Dex: 14    Spells: 7/11 levels left

rFire   . . .        d - +0 dagger
rCold   . . .        (no shield)
rNeg    . . .        c - +2 robe {Will+}
rPois   +            (no helmet)
rElec   .            (no cloak)
rCorr   .            (no gloves)
SInv    .            (no boots)
Will    +++..        (no amulet)
Stlth   +            g - ring of poison resistance
HPRegen 0.27/turn    h - ring of willpower
MPRegen 0.14/turn

%: no passive effects
@: on fire, attractive, enlightened, flying, glowing
A: high MP 1, forlorn, divine attributes
a: no special abilities


You were on level 4 of the Dungeon.
You visited 1 branch of the dungeon, and saw 6 of its levels.

You collected 151 gold pieces.
You spent 85 gold pieces at shops.

Inventory:

Hand Weapons
 d - a +0 dagger (weapon)
Armour
 c - a +2 robe of willpower (worn)
Jewellery
 g - a ring of poison resistance (left hand)
 h - a ring of willpower (right hand)
 i - a ring of flight
 p - a ring of fire
Talismans
 o - a granite talisman
Scrolls
 f - 3 scrolls of enchant armour
 k - 3 scrolls of vulnerability
 l - a scroll of fog {unknown}
 m - a scroll of immolation {unknown}
Potions
 b - a potion of magic
 j - 2 potions of curing


   Skills:
 - Level 1.7 Dodging
 - Level 1.7 Stealth
 + Level 3.3 Spellcasting
 - Level 3.0 Conjurations
 + Level 4.1 Earth Magic
 + Level 1.5 Shapeshifting


You had 7 spell levels left.
You knew the following spells:

 Your Spells              Type           Power      Damage    Failure   Level
a - Sandblast             Erth           48%        2d12      1%          1
b - Stone Arrow           Conj/Erth      44%        3d9       7%          3

Your spell library contained the following spells:

 Spells                   Type           Power      Damage    Failure   Level
 Passwall                 Erth           24%        N/A       5%          3
 Momentum Strike          Conj/Tloc      22%        3d8       8%          2
 Blink                    Tloc           8%         N/A       14%         2
 Lesser Beckoning         Tloc           8%         N/A       14%         2
 Brom's Barrelling Bould  Conj/Erth      22%        2d4       22%         4
 Petrify                  Alch/Erth      14%        N/A       38%         4


Dungeon Overview and Level Annotations

Branches:
Dungeon (6/15)
 Temple: D:4-7

Shops:
D:2 [


Innate Abilities, Weirdness & Mutations

You have an increased reservoir of magic. (+10% MP)
You shall have no god before yourself.
Your divine heritage dramatically boosts your attributes as you level up.


Message History

Press: ? - help, Q - select action, (/) - cycle Shift-Dir - straight line, f/p - bombardier beetle
Aim: a bombardier beetle (severely wounded, 90% to hit)
The blast of sand hits the bombardier beetle.
The bombardier beetle is almost dead.
The liquid fire burns you!
* * * LOW HITPOINT WARNING * * *
The bombardier beetle sprays incendiary fluid at you.
The burning spray hits you.
You are even more covered in liquid fire!
Aiming: Sandblast (safe; 2% risk of failure)
Press: ? - help, Q - select action, (/) - cycle Shift-Dir - straight line, f/p - bombardier beetle
Aim: a bombardier beetle (almost dead, 90% to hit)
The blast of sand hits the bombardier beetle.
You kill the bombardier beetle!
The liquid fire burns you!
* * * LOW HITPOINT WARNING * * *
You have reached level 6!
Your experience leads to a dramatic increase in your attributes!
Increase (S)trength, (I)ntelligence, or (D)exterity?
You feel clever. x4
It was a potion of attraction.
You feel attractive to monsters. The liquid fire burns you!
* * * LOW HITPOINT WARNING * * *
It was a potion of curing.
You feel better. The liquid fire burns you!
* * * LOW HITPOINT WARNING * * *
You shake off some of the fire as you move.
The liquid fire burns you!
* * * LOW HITPOINT WARNING * * *
Things that are here:
a +0 short sword; 3 poisoned darts; a kobold corpse You feel better.
The liquid fire burns you!
* * * LOW HITPOINT WARNING * * *
It was a potion of enlightenment.
You feel very buoyant.
You fly up into the air.
The liquid fire burns you!
You die...

... .........#
...
...........##.###
......###...#.#
.!.... ###.#
...... #.# ....#
#.# ... #.#
######†####.#
........@†..#
............#
$......####.#
....... #.#
####### ... ....
..... ....#


There were no monsters in sight!

Vanquished Creatures
  An ogre (D:6)
  A bombardier beetle (D:4)
  A hound (D:5)
  An iguana (D:4)
  6 gnolls
  3 adders
  3 ribbon worms
  7 endoplasms
  A giant cockroach (D:3)
  3 goblins
  8 hobgoblins
  3 kobolds
  4 quokkas
  4 ball pythons
  4 bats
  4 frilled lizards
  3 rats
57 creatures vanquished.

Notes
Turn   | Place    | Note
-------+----------+-------------------------------------------
     0 | D:1      | Malachi the Demigod Earth Elementalist began the quest for
                  | the Orb.
     0 | D:1      | Reached XP level 1. HP: 14/14 MP: 5/5
    87 | D:1      | Reached skill level 1 in Conjurations
   773 | D:1      | Reached XP level 2. HP: 20/20 MP: 5/7
  1198 | D:2      | Reached skill level 3 in Earth Magic
  1489 | D:2      | Found Emid's Antique Armour Boutique.
  1518 | D:2      | Reached XP level 3. HP: 26/26 MP: 5/9
  1957 | D:2      | Learned a level 3 spell: Stone Arrow
  2226 | D:3      | Reached XP level 4. HP: 17/33 MP: 2/10
  2835 | D:2      | Bought a glowing robe for 85 gold pieces
  2962 | D:4      | You fall into a shaft and drop 2 floors!
  2973 | D:6      | Noticed a black bear
  3014 | D:6      | Noticed an ogre
  3026 | D:6      | Killed an ogre
  3027 | D:6      | Reached skill level 1 in Shapeshifting
  3027 | D:6      | Reached XP level 5. HP: 38/38 MP: 5/12
  3184 | D:6      | Noticed a steam dragon
  4030 | D:5      | Entered Level 5 of the Dungeon
  4123 | D:4      | Reached skill level 4 in Earth Magic
  4227 | D:4      | Reached XP level 6. HP: 8/45 MP: 4/14
  4231 | D:4      | Incinerated by a bombardier beetle

Illustrated notes

Levels and vault maps discovered:
D:1:      dpeg_arrival_chambers_temple_mockup, layout_basic
D:2:      layout_loops_cross, serial_shops, shop, basic_altar
D:3:      layout_basic, minmay_between
D:4:      minmay_door_path, layout_basic, mainiacjoe_overflow_alcove_1,
          mainiacjoe_overflow_concentric_impassable
D:5:      layout_loops_corners, nicolae_ru_path_of_blood,
          grunt_dithmenos_shadows, minmay_temple_entry_antechambers,
          uniq_sigmund
D:6:      layout_rooms, okawaru_ov_weapons_minmay,
          mainiacjoe_overflow_surrounded_room, lemuel_tele_altar,
          small_statue_intersection, uniq_edmund, uniq_crazy_yiuf_cottage

Skill      XL: |  1  2  3  4  5 |
---------------+----------------+-----
Conjurations   | 1 2 3 |  3.0
Spellcasting   | 2 3 |  3.3
Earth Magic    | 3 4 |  4.1
Shapeshifting  | 1 |  1.5
Dodging        | |  1.7
Stealth        | |  1.7

Action                     |  1- 3 |  4- 6 || total
---------------------------+-------+-------++-------
  Melee: Dagger            |     2 |     1 ||     3
         Unarmed           |     1 |       ||     1
   Cast: Sandblast         |    55 |    41 ||    96
         Stone Arrow       |       |     1 ||     1
    Use: Scroll            |       |     3 ||     3
         Potion            |       |     4 ||     4
   Stab: Sleeping          |     1 |       ||     1
 Armour: Robe              |    12 |     9 ||    21
  Dodge: Dodged            |    13 |    21 ||    34

Table legend: (Time is in decaauts)
 A = Elapsed time spent in this place.
 B = Non-inter-level travel time spent in this place.
 C = Inter-level travel time spent in this place.
 D = Time resting spent in this place.
 E = Time spent auto-exploring this place.
 F = Levels seen in this place.
 G = Mean time per level.
                   A        B        C        D        E       F      G
               +--------+--------+--------+--------+--------+-----+--------+
         Total |   4277 |   4010 |    267 |   1007 |   2468 |   6 |  712.8 |
       Dungeon |   4277 |   4010 |    267 |   1007 |   2468 |   6 |  712.8 |
               +--------+--------+--------+--------+--------+-----+--------+

Top non-repeatable levels by time:
     D:1: 1204 daAuts
     D:6: 1068 daAuts
     D:3: 913 daAuts
     D:2: 829 daAuts
     D:4: 180 daAuts
     D:5: 81 daAuts
